 Dungeon Crawl Stone Soup version 0.24-a0-504-gcfb02b9d07 (webtiles) character file.

Game seed: 4569178339797711729

455 KristoblXynda the Slasher (level 6, -3/51 HPs)
             Began as a Draconian Fighter on July 16, 2019.
             Was an Initiate of Ashenzari.
             Slain by an orc wizard
             ... wielding a +0 dagger
              (4 damage)
             ... on level 4 of the Dungeon.
             The game lasted 00:04:19 (2724 turns).

KristoblXynda the Slasher (Draconian Fighter)       Turns: 2724, Time: 00:04:19

Health: -3/51      AC:  6    Str: 18    XL:     6   Next: 76%
Magic:  6/6        EV: 11    Int: 11    God:    Ashenzari [......]
Gold:   197        SH: 10    Dex: 10    Spells: 5/5 levels left

rFire    . . .     SeeInvis .   a - +0 long sword
rCold    . . .     Gourm    .   b - +1 shield (curse)
rNeg     . . .     Faith    .   (armour unavailable)
rPois    .         Spirit   .   (helmet restricted)
rElec    .         Reflect  .   (no cloak)
rCorr    .         Harm     .   (no gloves)
MR       .....                  (no boots)
Stlth    ++........             (no amulet)
HPRegen  0.17/turn              e - ring of wizardry
MPRegen  0.10/turn              n - ring of stealth

@: no status effects
A: unfitting armour, cold-blooded, AC +6
a: Curse Item, Renounce Religion


You were on level 4 of the Dungeon.
You worshipped Ashenzari.
Ashenzari was noncommittal.
You were hungry.

You visited 1 branch of the dungeon, and saw 4 of its levels.

You collected 197 gold pieces.

Inventory:

Hand Weapons
 a - a +0 long sword (weapon)
Armour
 b - a cursed +1 shield (worn)
Jewellery
 e - a ring of wizardry (left hand)
 n - a ring of stealth (right hand)
 p - an uncursed ring of flight
Scrolls
 f - a scroll of blinking
 g - a scroll of teleportation
 j - 2 scrolls of enchant weapon {unknown}
 l - a scroll of enchant armour
 q - 2 scrolls of noise {unknown}
Potions
 c - a potion of might
 h - 2 potions of ambrosia
 i - a potion of cancellation {unknown}
 m - a potion of heal wounds
 s - a potion of flight
Comestibles
 d - 8 rations
 k - 4 chunks of flesh


   Skills:
 - Level 3.2 Fighting
 * Level 5.3 Long Blades
 + Level 4.1 Dodging
 + Level 4.6 Shields


You had 5 spell levels left.
You didn't know any spells.
Your spell library was empty.

Dungeon Overview and Level Annotations

Branches:
Dungeon (4/15)
 Temple: D:4-7

Altars:
Ashenzari
Kikubaaqudgha
Sif Muna
Wu Jian
Yredelemnul


Innate Abilities, Weirdness & Mutations

Your plain brown scales are hard. (AC +6)
You cannot fit into any form of body armour.
You are cold-blooded and may be slowed by cold attacks.


Message History

You barely miss the goblin. You tail-slap the goblin.
You kill the goblin!
Something hits you but does no damage. Something hits you.
* * * LOW HITPOINT WARNING * * *
You block something's attack.
Items here: ( ) ÷ †† a sling bullet; a +0 giant club; a goblin corpse x2; an ogre skeleton You closely miss something.
You block something's attack.
You miss something.
The hobgoblin no longer looks unusually strong.
Something hits you but does no damage. Something hits you.
* * * LOW HITPOINT WARNING * * *
You closely miss something.
You hear some strange, mumbled words.
A puff of frost appears from out of thin air!
The puff of frost hits you!
* * * LOW HITPOINT WARNING * * *
You barely miss something.
Your tail-slap misses something.
Something hits you but does no damage. Something hits you.
You die...

####........# #.....#####........
...#........###........##........
...#...................##.[......
...###.................##........
...###.................##........
....(............................
............†.######....#.(......
..............######....#........
...........##>g{@(..........#.#.#
...........##.######.....###.#.#.
........g...... ....#...##.....#
......g......... ....+....#......
.....................#....#<....#
.................................
.........................†#...÷.#
.............. .....#..#....#.
............. .....#.†#....+#


You could see a hobgoblin.

Vanquished Creatures
  Menkaure (D:4)
  An ogre (D:4)
  A scorpion (D:4)
  A bullfrog skeleton (D:4)
  Jessica (D:3)
  Robin (D:4)
  2 oozes
  3 worms (D:2)
  A dart slug (D:3)
  5 leopard geckos
  6 orcs
  3 giant cockroaches
  19 goblins
  9 hobgoblins
  5 jackals
  2 quokkas (D:2)
  2 ball pythons (D:2)
  6 bats
  6 frilled lizards
  6 kobolds
  11 rats
  A spectral orc (D:3)
93 creatures vanquished.

Notes
Turn   | Place    | Note
-------+----------+-------------------------------------------
     0 | D:1      | KristoblXynda the Draconian Fighter began the quest for the
                  | Orb.
     0 | D:1      | Reached XP level 1. HP: 19/19 MP: 1/1
   207 | D:1      | Reached XP level 2. HP: 18/26 MP: 2/2
   574 | D:2      | Reached XP level 3. HP: 31/31 MP: 3/3
   576 | D:2      | Found an ancient bone altar of Kikubaaqudgha.
   583 | D:2      | Found an ornate altar of the Wu Jian Council.
   587 | D:2      | Found a shattered altar of Ashenzari.
   598 | D:2      | Found a deep blue altar of Sif Muna.
   601 | D:2      | Reached skill level 3 in Long Blades
   617 | D:2      | Became a worshipper of Ashenzari the Shackled
  1608 | D:3      | Reached XP level 4. HP: 27/38 MP: 4/4
  1703 | D:3      | Noticed Jessica
  1710 | D:3      | Killed Jessica
  1739 | D:3      | Found a basalt altar of Yredelemnul.
  2168 | D:4      | Reached skill level 4 in Long Blades
  2168 | D:4      | Reached XP level 5. HP: 30/45 MP: 5/5
  2266 | D:4      | Noticed Menkaure
  2284 | D:4      | Killed Menkaure
  2284 | D:4      | Reached XP level 6. HP: 25/51 MP: 6/6
  2291 | D:4      | Reached skill level 5 in Long Blades
  2662 | D:4      | Noticed Robin
  2713 | D:4      | Killed Robin
  2723 | D:4      | HP: 1/51 [something/puff of frost (11)]
  2724 | D:4      | Slain by an orc wizard

Levels and vault maps discovered:
D:1:      tarquinn_simple_flora_water_c, layout_rooms,
          minmay_misc_feat_diagonals, solitary_fountain
D:2:      layout_basic, grunt_temple_overflow_cloverleaf,
          kennysheep_generic_room_5
D:3:      layout_rooms, yredelemnul_forgotten_temple_becter, first_ration,
          uniq_crazy_yiuf_cottage, uniq_jessica
D:4:      layout_basic, uniq_robin, uniq_menkaure, uniq_ijyb

Skill      XL: |  1  2  3  4  5  6 |
---------------+-------------------+-----
Dodging        | 3 4 |  4.1
Long Blades    | 3 4 5 |  5.3
Shields        | 4 |  4.6
Fighting       | |  3.2

Action                   |  1- 3 |  4- 6 || total
-------------------------+-------+-------++-------
Melee: Long sword        |   150 |   147 ||   297
       Tailslap          |    14 |    17 ||    31
Invok: Curse Item        |       |     1 ||     1
  Use: Scroll            |     5 |     1 ||     6
       Potion            |       |     3 ||     3
 Stab: Sleeping          |       |     2 ||     2
       Distracted        |       |     1 ||     1
  Eat: Chunk             |     2 |     4 ||     6
Armor: Skin              |    59 |    54 ||   113
Dodge: Dodged            |    81 |    57 ||   138
Block: Shield            |    73 |    88 ||   161
       Rpst.: Long sword |    24 |    18 ||    42

Table legend:
 A = Non-vault XP
 B = Vault XP
 C = Vault XP percentage of total XP
 D = Non-vault monster count
 E = Vault monster count
 F = Vault count percentage of total count
                 A         B        C        D         E       F
            +---------+---------+-------+---------+---------+-------
      Total |     396 |     254 |  39.1 |      78 |      15 |  16.1
            +---------+---------+-------+---------+---------+-------
        D:1 |      32 |       0 |   0.0 |      16 |       0 |   0.0
        D:2 |      59 |       3 |   4.8 |      25 |       2 |   7.4
        D:3 |      48 |      38 |  44.2 |      26 |       2 |   7.1
        D:4 |     257 |     213 |  45.3 |      11 |      11 |  50.0
            +---------+---------+-------+---------+---------+-------
